 Dungeon Crawl Stone Soup version 0.24-a0-201-gf205589 (console) character file.

Game seed: 17303111966292318872

466 Voker57 the Slasher (level 6, -2/48 HPs)
             Began as a Demonspawn Gladiator on Mar 22, 2019.
             Was an Initiate of Qazlal.
             Killed from afar by Blork the orc (4 damage)
             ... with a magic dart
             ... on level 4 of the Dungeon.
             The game lasted 00:05:19 (3208 turns).

Voker57 the Slasher (Demonspawn Gladiator)          Turns: 3208, Time: 00:05:20

Health: -2/48      AC:  4    Str: 14    XL:     6   Next: 81%
Magic:  8/8        EV: 17    Int:  9    God:    Qazlal [......]
Gold:   181        SH:  0    Dex: 17    Spells: 5/5 levels left

rFire    . . .     SeeInvis .   a - +0 long sword
rCold    . . .     Gourm    .   (no shield)
rNeg     . . .     Faith    .   b - +0 leather armour
rPois    .         Spirit   .   c - +0 helmet
rElec    .         Reflect  .   (no cloak)
rCorr    .         Harm     .   (no gloves)
MR       .....                  (no boots)
Stlth    +.........             (no amulet)
HPRegen  0.16/turn              (no ring)
MPRegen  0.11/turn              (no ring)

@: no status effects
A: talons 2, repulsion field 2, spiny 1
a: Renounce Religion


You were on level 4 of the Dungeon.
You worshipped Qazlal.
Qazlal was noncommittal.
You were not hungry.

You visited 1 branch of the dungeon, and saw 4 of its levels.

You collected 181 gold pieces.

Inventory:

Hand Weapons
 a - a +0 long sword (weapon)
Missiles
 A - a throwing net (quivered)
Armour
 b - a +0 leather armour (worn)
 c - a +0 helmet (worn)
Jewellery
 h - an uncursed ring of stealth {unknown}
 l - an uncursed ring of flight {unknown}
 m - an uncursed ring of magical power {unknown}
 o - an uncursed ring of protection from magic {unknown}
 p - an uncursed ring of fire {unknown}
 v - an uncursed ring of protection from cold {unknown}
Scrolls
 e - a scroll of blinking {unknown}
 g - 4 scrolls of identify {unknown}
 i - 3 scrolls of enchant weapon {unknown}
 j - a scroll of amnesia {unknown}
 q - 2 scrolls of enchant armour {unknown}
 w - a scroll of random uselessness {unknown}
 y - a scroll of teleportation {unknown}
Potions
 k - a potion of brilliance {unknown}
 n - 2 potions of berserk rage
 r - 2 potions of curing {unknown}
 s - a potion of might {unknown}
 t - 3 potions of cancellation {unknown}
 u - a potion of agility {unknown}
 x - a potion of heal wounds {unknown}
 z - 2 potions of lignification {unknown}
Comestibles
 f - 5 rations


   Skills:
 + Level 3.7 Fighting
 + Level 4.4 Long Blades
 - Level 2.3 Throwing
 - Level 0.9 Armour
 + Level 4.1 Dodging
 + Level 3.3 Invocations


You had 5 spell levels left.
You didn't know any spells.
Your spell library was empty.

Dungeon Overview and Level Annotations

Branches:
Dungeon (4/15)
 Temple: D:4-7

Altars:
Ashenzari
Gozag
Hepliaklqana
Nemelex Xobeh
Okawaru
Qazlal
Ru
Trog
Uskayaw
The Shining One

Annotations:
D:3 1 runed translucent door, KrasnyyBoyets's ghost, weakling MiFi
D:4 Blork the orc


Innate Abilities, Weirdness & Mutations

You have razor-sharp toenails.
You are surrounded by a moderate repulsion field. (EV +3)
You are partially covered in sharp spines.


Message History

* * * LOW HITPOINT WARNING * * *
You barely miss Blork the orc. Your kick misses Blork the orc.
Blork the orc is almost dead.
Blork the orc mumbles some strange words.
Blork the orc seems to speed up.
You hit Blork the orc but do no damage.
You claw Blork the orc, but do no damage.
Blork the orc is almost dead.
Blork the orc hits you with a +8 flail of protection.
* * * LOW HITPOINT WARNING * * *
Throwing (i - inventory)
A - 2 throwing nets (quivered)
Press: ? - help, Shift-Dir - straight line, f - Blork the orc
Aim: Blork the orc, wielding a +8 flail of protection and wearing a +0 robe (almost dead, fast)
You throw a throwing net.
The throwing net completely misses Blork the orc.
Blork the orc hits you with a +8 flail of protection.
* * * LOW HITPOINT WARNING * * *
Blork the orc gestures at you while chanting.
The magic dart hits you.
You die...

... .. .. #.
#.## ..# #.#
#o## #..#@#
.....#.#
#......#.##
#......##.# ####
o...... #.#
##..### .......
#.## #.....##
....... ##.#
##......##
#.####........##
#..............#
#.####..........
##.#
#...........


You could see Blork the orc.

Vanquished Creatures
  Duvessa (D:4)
  Dowan (D:4)
  2 scorpions (D:4)
  A bullfrog skeleton (D:4)
  A hound (D:4)
  Jessica (D:3)
  A worker ant (D:3)
  4 adders
  An adder skeleton (D:4)
  2 dart slugs (D:1)
  A leopard gecko (D:1)
  5 bats
  2 giant cockroaches (D:2)
  8 goblins
  7 hobgoblins
  14 jackals
  3 kobolds
  2 quokkas
  5 frilled lizards
  A quokka skeleton (D:4)
  2 rats (D:2)
65 creatures vanquished.

Notes
Turn   | Place    | Note
-------+----------+-------------------------------------------
     0 | D:1      | Voker57 the Demonspawn Gladiator began the quest for the
                  | Orb.
     0 | D:1      | Reached XP level 1. HP: 16/16 MP: 1/1
   116 | D:1      | Gained mutation: You are surrounded by a mild repulsion
                  | field. (EV +2) [demonic ancestry]
   116 | D:1      | Reached XP level 2. HP: 22/22 MP: 2/2
   428 | D:1      | Gained mutation: You have sharp toenails. [demonic
                  | ancestry]
   428 | D:1      | Reached XP level 3. HP: 27/27 MP: 3/3
   934 | D:2      | Found a bloodstained altar of Trog.
  1098 | D:2      | Gained mutation: You are partially covered in sharp spines.
                  | [demonic ancestry]
  1098 | D:2      | Reached XP level 4. HP: 28/34 MP: 4/4
  1621 | D:3      | Found a runed translucent door.
  1632 | D:3      | Found a shattered altar of Ashenzari.
  1632 | D:3      | Found a stormy altar of Qazlal.
  1632 | D:3      | Found a glowing golden altar of the Shining One.
  1641 | D:3      | Became a worshipper of Qazlal Stormbringer
  1805 | D:3      | Found an iron altar of Okawaru.
  1807 | D:3      | Found an opulent altar of Gozag.
  1807 | D:3      | Found a sacrificial altar of Ru.
  1809 | D:3      | Found a hazy altar of Hepliaklqana.
  1810 | D:3      | Found a sparkling altar of Nemelex Xobeh.
  1937 | D:3      | Found a hide-covered altar of Uskayaw.
  1964 | D:3      | Noticed Jessica
  1969 | D:3      | Killed Jessica
  1969 | D:3      | Gained mutation: You are surrounded by a moderate repulsion
                  | field. (EV +3) [demonic ancestry]
  1969 | D:3      | Reached XP level 5. HP: 40/40 MP: 5/5
  2036 | D:3      | Noticed KrasnyyBoyets's ghost (weakling MiFi)
  2133 | D:4      | Reached skill level 1 in Invocations
  2462 | D:4      | Gained mutation: You have razor-sharp toenails. [demonic
                  | ancestry]
  2462 | D:4      | Reached XP level 6. HP: 26/47 MP: 7/7
  2608 | D:4      | Noticed Dowan
  2612 | D:4      | Noticed Duvessa
  2823 | D:4      | Killed Duvessa
  2967 | D:4      | Killed Dowan
  3195 | D:4      | Noticed Blork the orc
  3208 | D:4      | HP: 2/48 [Blork the orc/+8 flail of protection (6)]
  3208 | D:4      | Killed from afar by Blork the orc

Levels and vault maps discovered:
D:1:      psy_arrival_fountain, layout_loops_ring, st_stairs_12, corner_web_ring
D:2:      layout_loops_ring, lightli_temple_of_fire
D:3:      layout_basic, grunt_temple_overflow_open, lemuel_round_altar,
          gammafunk_temple_overflow_forgotten, first_ration,
          ebering_ghost_sewer_d, kennysheep_jessica_study
D:4:      layout_cave_pods, kiku_gazebo_pond_becter, serial_shops,
          nicolae_shop_window_shopping, uniq_blork_the_orc, uniq_duvessa,
          uniq_menkaure

Skill      XL: |  1  2  3  4  5  6 |
---------------+-------------------+-----
Long Blades    | 3 4 |  4.4
Throwing       | 2 |  2.3
Dodging        | 3 4 |  4.1
Fighting       | 3 |  3.7
Invocations    | 2 3 |  3.3
Armour         | |  0.9

Action                   |  1- 3 |  4- 6 || total
-------------------------+-------+-------++-------
Melee: Long sword        |    96 |    64 ||   160
       Kick              |    13 |    28 ||    41
Throw: Throwing net      |       |     4 ||     4
  Use: Potion            |       |     1 ||     1
 Stab: Sleeping          |       |     1 ||     1
       Held in net/web   |       |     1 ||     1
  Eat: Chunk             |       |     4 ||     4
       Ration            |       |     1 ||     1
Armor: Leather armour    |    24 |    16 ||    40
Dodge: Dodged            |    99 |    48 ||   147
       Rpst.: Long sword |    32 |    14 ||    46

Table legend:
 A = Non-vault XP
 B = Vault XP
 C = Vault XP percentage of total XP
 D = Non-vault monster count
 E = Vault monster count
 F = Vault count percentage of total count
                 A         B        C        D         E       F
            +---------+---------+-------+---------+---------+-------
      Total |     403 |     263 |  39.5 |      59 |       6 |   9.2
            +---------+---------+-------+---------+---------+-------
        D:1 |      41 |       4 |   8.9 |      19 |       2 |   9.5
        D:2 |      64 |       0 |   0.0 |      19 |       0 |   0.0
        D:3 |      55 |      39 |  41.5 |      14 |       2 |  12.5
        D:4 |     243 |     220 |  47.5 |       7 |       2 |  22.2
            +---------+---------+-------+---------+---------+-------
